cohdb
Replays
Latest Replays
All Replays
Popular Replays
Top Player Replays
Match Explorer
How It Works
Community
CoH3 Stats
Reddit
Sign in to upload your games and track your stats! →
Sign in with Steam
Battle Armour of El Alamin
Match 39067312
Overview
Messages
Build Orders
End
Vickers Machine Gun Team
Construct Section Command Post
Selects Heavy Armor Battlegroup
Dingo Light Scout Car
Infantry Section
Infantry Section
Selects Rigorous Vehicle Training
Construct Platoon Command Post
CMP 15cwt Truck
Selects Light Vehicle Withdraw and Refit
Light Vehicle Withdraw and Refit
Forward Retreat Point
Selects Forward Repair Assembly
Humber Armored Car
Construct Company Command Post
Selects Designate Targets
Forward Retreat Point
Unlock M3 Grant Medium Tanks
Foot Guards Section
M3 Grant Medium Tank
M3 Grant Medium Tank
Designate Targets
Armored Vehicle Training
Selects Crusader AA Medium Tank
Designate Targets
M3 Grant Medium Tank
Unlock Bishop Self-propelled Artillery
Bishop Self-propelled Artillery
Selects Churchill Black Prince Heavy Tank
M3 Grant Medium Tank
M3 Grant Medium Tank
M3 Grant Medium Tank
Designate Targets
M3 Grant Medium Tank
Infantry Section
Designate Targets
M3 Grant Medium Tank
Grenade Package
Forward Retreat Point
Designate Targets
Otter
rebelguy12
抖音雨哲QAQ
XxWhoDatGuyxX
Mochi_flamer
Achilles Gaming @ YouTube
Needleite
Tanzeel
0
0
Comments
sign in to comment!
No comments posted yet!